 Dungeon Crawl Stone Soup version 0.31-a0-524-g2a164cf6a2 (webtiles) character file.

Game seed: 4235461635966168956

380 AdnanSaban the Covered (level 6, -4/38 HPs)
             Began as a Gargoyle Fighter on Aug 12, 2023.
             Slain by a wight
             ... wielding a +3 scimitar
              (9 damage)
             ... on level 4 of the Dungeon.
             The game lasted 00:03:24 (3460 turns).

AdnanSaban the Covered (Gargoyle Fighter)           Turns: 3460, Time: 00:03:24

Health: -4/38      AC: 12    Str: 21    XL:     6   Next: 75%
Magic:  6/6        EV:  9    Int:  9    God:
Gold:   126        SH:  4    Dex:  9    Spells: 5/5 levels left

rFire   . . .        a - +0 flail
rCold   . . .        c - +0 buckler
rNeg    + . .        b - +0 scale mail
rPois   ∞            (no helmet)
rElec   +            (no cloak)
rCorr   .            w - +0 pair of gloves
SInv    .            (no boots)
Will    .....        (no amulet) Stlth
                     (no ring)
HPRegen 0.26/turn    (no ring)
MPRegen 0.10/turn

%: no passive effects
@: no status effects
A: sickness immunity, AC +4, negative energy resistance 1, electricity
resistance, torment resistance 1, petrification resistance
a: no special abilities


You were on level 4 of the Dungeon.
You visited 1 branch of the dungeon, and saw 4 of its levels.
You also visited: Sewer.

You collected 126 gold pieces.

Inventory:

Hand Weapons
 a - a +0 flail (weapon)
Missiles
 h - a poisoned dart (quivered)
 k - 3 atropa-tipped darts
 y - 3 boomerangs
Armour
 b - a +0 scale mail (worn)
 c - a +0 buckler (worn)
 w - a +0 pair of gloves (worn)
Jewellery
 x - a ring of ice
Scrolls
 f - 3 scrolls of teleportation {unknown}
 i - a scroll of poison {unknown}
 j - 5 scrolls of identify {unknown}
 l - 2 scrolls of fog {unknown}
 n - a scroll of immolation {unknown}
 q - a scroll of blinking {unknown}
 r - a scroll of acquirement {unknown}
 t - a scroll of enchant weapon {unknown}
 v - a scroll of silence {unknown}
Potions
 d - a potion of might
 e - a potion of magic {unknown}
 g - 4 potions of curing {unknown}
 m - a potion of haste {unknown}
 o - 2 potions of enlightenment {unknown}
 p - a potion of lignification {unknown}
 s - a potion of ambrosia {unknown}
 u - a potion of cancellation {unknown}
 z - a potion of heal wounds {unknown}


   Skills:
 + Level 4.2 Fighting
 + Level 4.2 Maces & Flails
 + Level 4.8 Armour
 + Level 1.5 Dodging
 + Level 0.4 Stealth
 + Level 4.4 Shields


You had 5 spell levels left.
You didn't know any spells.
Your spell library was empty.

Dungeon Overview and Level Annotations

Branches:
Dungeon (4/15)              Sewer (visited)
 Temple: D:4-7

Altars:
Elyvilon
Uskayaw


Innate Abilities, Weirdness & Mutations

You are immune to sickness and miasma.
Your stone body is resilient. (AC +4)
You are immune to poison.
You resist negative energy. (rN+)
You are resistant to electric shocks. (rElec)
You are resistant to unholy torment.
You are immune to petrification.


Message History

The wight hits you with a +2 battleaxe of electrocution!
The phantom hits you.
The phantom blinks!
You blink.
Found a lumpy white potion and a scroll labelled ZAAL QIPOE.
Found a white marble altar of Elyvilon.
You are too injured to fight recklessly!
You are too injured to fight recklessly!
You are too injured to fight recklessly!
You are too injured to fight recklessly!
You are too injured to fight recklessly!
You are too injured to fight recklessly!
You are too injured to fight recklessly!
You are too injured to fight recklessly!
You are too injured to fight recklessly!
You are too injured to fight recklessly!
You are too injured to fight recklessly!
You are too injured to fight recklessly!
You are too injured to fight recklessly!
You are too injured to fight recklessly!
You are too injured to fight recklessly!
You are too injured to fight recklessly!
Unknown command.
The phantom closely misses you. The phantom attacks as you move away!
The phantom hits you. The phantom attacks as you move away!
The phantom hits you but does no damage.
The phantom attacks as you move away!
The phantom hits you but does no damage.
You barely miss the phantom. The phantom barely misses you.
You closely miss the phantom.
The phantom hits you but does no damage.
The wight hits you with a +3 scimitar.
* * * LOW HITPOINT WARNING * * *
You barely miss the phantom. You block the phantom's attack.
The wight hits you with a +3 scimitar.
* * * LOW HITPOINT WARNING * * *
The phantom barely misses you.
You sock the phantom!
The phantom is moderately damaged.
The wight hits you with a +3 scimitar!
You die...

#. .P..P~~.##.# #####
#.. ♣♣.♣♣PP.....#
#....
.P.♣♣..P♣♣..†####
#.### ♣.♣.....♣z♣)#
#.#
♣...._...P♣.########.#
♣!♣P....♣.♣..........#
. ♣♣..P♣♣...##########
...P♣♣.♣♣zP.##
#.~~P..zW@P~≈#
#.~~..♣♣♣..~≈# #....#
###### #####


You could see a phantom and 2 wights.

Vanquished Creatures
  Blork the orc (D:4)
  A scorpion (D:4)
  A wight (D:3)
  5 river rats (Sewer)
  6 adders
  3 worms (D:2)
  2 dart slugs
  An orc (D:4)
  7 bats
  4 endoplasms
  2 giant cockroaches
  9 goblins
  4 hobgoblins
  6 quokkas
  6 ball pythons
  16 frilled lizards
  7 kobolds
  14 rats
95 creatures vanquished.

Vanquished Creatures (others)
  A butterfly (D:4)
1 creature vanquished.

Grand Total: 96 creatures vanquished

Notes
Turn   | Place    | Note
-------+----------+-------------------------------------------
     0 | D:1      | AdnanSaban the Gargoyle Fighter began the quest for the
                  | Orb.
     0 | D:1      | Reached XP level 1. HP: 14/14 MP: 1/1
    95 | D:1      | Reached XP level 2. HP: 19/19 MP: 2/2
   559 | D:1      | Reached XP level 3. HP: 24/24 MP: 3/3
  1303 | D:2      | Identified the staff of the Endless Expanse {rF+ rC+++
                  | Int-4 Dex+3 Stlth+ Fire}
  1626 | D:3      | Reached XP level 4. HP: 29/29 MP: 4/4
  1814 | D:3      | Found a glowing drain.
  1838 | Sewer    | Entered a sewer
  2129 | Sewer    | Reached skill level 1 in Dodging
  2129 | Sewer    | Reached XP level 5. HP: 21/33 MP: 5/5
  2504 | D:3      | Found a hide-covered altar of Uskayaw.
  3083 | D:4      | Noticed Blork the orc
  3097 | D:4      | Killed Blork the orc
  3098 | D:4      | Reached XP level 6. HP: 36/38 MP: 6/6
  3451 | D:4      | Found a white marble altar of Elyvilon.
  3460 | D:4      | Slain by a wight

Illustrated notes

Levels and vault maps discovered:
D:1:      dpeg_arrival_water_fire, layout_basic
D:2:      layout_rooms, grunt_ministairs_8, grunt_decor_junction,
          minmay_crystal_water
D:3:      layout_basic, eat_drink_and_be_merry_uskayaw, gup_sewer_entry_pipe,
          serial_bayou_lake_a
D:4:      minmay_razor_zed, layout_loops_ring,
          grunt_dithmenos_smoke_and_mirrors, mainiacjoe_overflow_catwalk_spiral,
          nicolae_elyvilon_peaceful_grove, minmay_misc_feat_square,
          uniq_blork_the_orc

Skill      XL: |  1  2  3  4  5  6 |
---------------+-------------------+-----
Maces & Flails | 3 4 |  4.2
Armour         | 4 |  4.8
Dodging        | 1 |  1.5
Fighting       | 4 |  4.2
Shields        | 4 |  4.4
Stealth        | |  0.4

Action                     |  1- 3 |  4- 6 || total
---------------------------+-------+-------++-------
  Melee: Flail             |   160 |   297 ||   457
  Throw: Dart              |       |     5 ||     5
   Stab: Distracted        |     1 |       ||     1
 Armour: Scale mail        |    75 |   160 ||   235
  Dodge: Dodged            |    73 |   154 ||   227
  Block: Buckler           |    39 |    85 ||   124

Table legend: (Time is in decaauts)
 A = Elapsed time spent in this place.
 B = Non-inter-level travel time spent in this place.
 C = Inter-level travel time spent in this place.
 D = Time resting spent in this place.
 E = Time spent auto-exploring this place.
 F = Levels seen in this place.
 G = Mean time per level.
                   A        B        C        D        E       F      G
               +--------+--------+--------+--------+--------+-----+--------+
         Total |   3649 |   3455 |    194 |     74 |   2442 |   5 |  729.8 |
       Dungeon |   3029 |   2835 |    194 |     74 |   2098 |   4 |  757.2 |
         Sewer |    619 |    619 |      0 |      0 |    343 |   1 |  619.0 |
               +--------+--------+--------+--------+--------+-----+--------+

Top non-repeatable levels by time:
     D:3: 1186 daAuts
     D:1: 799 daAuts
     D:2: 687 daAuts
   Sewer: 619 daAuts
     D:4: 356 daAuts
